 Dungeon Crawl Stone Soup version 0.29-a0-559-g359e09b (webtiles) character file.

Game seed: 11549296951243880608

133 Illumine the Cudgeller (level 5, -1/46 HPs)
             Began as a Meteoran Cinder Acolyte on June 8, 2022.
             Was a High Priest of Ignis.
             Slain by a gnoll shaman
             ... wielding a +0 whip
              (7 damage)
             ... on level 4 of the Dungeon.
             The game lasted 00:02:40 (552 turns).

Illumine the Cudgeller (Meteoran Cinder Acolyte)     Turns: 552, Time: 00:02:41

Health: -1/46      AC:  2    Str: 22    XL:     5   Next: 68%
Magic:  5/10       EV: 11    Int: 17    God:    Ignis [*****.]
Gold:   59         SH:  0    Dex: 10    Spells: 7/9 levels left

rFire   . . .      SeeInvis .   g - +2 great mace of the Ecumenical Temple {drain, rF- Str+7}
rCold   . . .      Faith    .   (shield currently unavailable)
rNeg    . . .      Spirit   .   b - +0 robe
rPois   .          Reflect  .   (no helmet)
rElec   .          Harm     .   (no cloak)
rCorr   .          Rampage  .   (no gloves)
Will    .....                   (no boots)
Stlth   +.........              (no amulet)
HPRegen 0.15/turn               (no ring)
MPRegen 0.12/turn               (no ring)

@: glowing
A: sense surroundings 1, otherworldly, glowing, explore regen
a: Renounce Religion, Fiery Armour, Foxfire Swarm, Rising Flame


You were on level 4 of the Dungeon.
You worshipped Ignis.
Ignis was extremely pleased with you.
You visited 1 branch of the dungeon, and saw 4 of its levels.

You collected 59 gold pieces.

Inventory:

Hand Weapons
 a - a -1 mace of flaming
 g - the +2 great mace of the Ecumenical Temple (weapon) {drain, rF- Str+7}
   (You found it on level 4 of the Dungeon)

   A truly terrible weapon, it drains the life of any living foe it strikes.
   Str:       It affects your strength (+7).
   rF:        It makes you vulnerable to fire.
Missiles
 f - 57 stones (quivered)
Armour
 b - a +0 robe (worn)
Scrolls
 c - 2 scrolls of identify {unknown}
 d - a scroll of poison {unknown}
 e - a scroll of blinking {unknown}
 j - a scroll of torment {unknown}
 k - 2 scrolls of brand weapon {unknown}
Potions
 h - a potion of magic {unknown}
 i - a potion of degeneration {unknown}


   Skills:
 + Level 4.0 Fighting
 * Level 5.6 Maces & Flails
 + Level 2.8 Spellcasting
 + Level 4.4 Fire Magic


You had 7 spell levels left.
You knew the following spells:

 Your Spells              Type           Power      Damage    Failure   Level
a - Scorch                Fire           34%        2d7       4%          2

Your spell library contained the following spells:

 Spells                   Type           Power      Damage    Failure   Level


Dungeon Overview and Level Annotations

Branches:
Dungeon (4/15)
 Temple: D:4-7

Altars:
Trog


Innate Abilities, Weirdness & Mutations

You passively map a small area around you.
You are easily found by Zot.
You glow in the dark.
You regain HP and MP as you explore.


Message History

The jackal bites you.
You closely miss the jackal.
The gnoll is no longer more vulnerable to fire.
The jackal closely misses you. The jackal bites you.
You hit the jackal.
The jackal is almost dead.
The jackal misses you.
The gnoll hits you from afar with a +0 spear.
The jackal bites you but does no damage.
The gnoll hits you from afar with a +0 spear.
The jackal attacks as you move away!
The jackal bites you but does no damage.
A jackal comes into view.
A gnoll comes into view. It is wielding a +0 spear.
You closely miss the jackal.
The jackal is almost dead.
The jackal barely misses you. The jackal closely misses you.
You sock the jackal!
You kill the jackal!
A jackal comes into view.
A gnoll comes into view. It is wielding a +2 flail of draining.
The gnoll shaman attacks as you move away!
The gnoll shaman hits you with a +0 whip!
The jackal barks!
The gnoll shouts!
Casting: Scorch (safe; 4% risk of failure)
Confirm with . or Enter, or press ? or * to list all spells.
Flames lash the gnoll shaman but do no damage.
The gnoll shaman hits you with a +0 whip!
* * * LOW HITPOINT WARNING * * *
Unknown command.
Casting: Scorch (safe; 4% risk of failure)
Confirm with . or Enter, or press ? or * to list all spells.
Flames lash the gnoll shaman.
The gnoll shaman is moderately wounded.
The gnoll shaman's fire resistance burns away.
A jackal comes into view.
The gnoll hits you from afar with a +0 spear.
* * * LOW HITPOINT WARNING * * *
The gnoll shaman hits you with a +0 whip!
You die...

, ##########
hh....g.g
#hg...# * #g#
,* , , #g#
#g# * ,* #g#
* * #g# * ,*
*, #@# * * ,
#.# * #.# *,
* * * ####.#
, #....# * *
* #.#####
#.####.###.#*
,
#.........#,*
######..##..#
* ,


You could see a gnoll shaman (combustible), 5 gnolls and 3 jackals.

Vanquished Creatures
  2 scorpions (D:4)
  An adder (D:2)
  4 hobgoblins
  A jackal (D:4)
  A quokka (D:4)
  A ball python (D:3)
  2 frilled lizards (D:1)
  2 goblins
  A rat (D:1)
15 creatures vanquished.

Notes
Turn   | Place    | Note
-------+----------+-------------------------------------------
     0 | D:1      | Illumine the Meteoran Cinder Acolyte began the quest for
                  | the Orb.
     0 | D:1      | Reached XP level 1. HP: 19/19 MP: 3/3
   218 | D:2      | Reached XP level 2. HP: 22/26 MP: 3/5
   221 | D:2      | Learned a level 2 spell: Scorch
   338 | D:3      | Reached XP level 3. HP: 31/31 MP: 2/6
   362 | D:4      | Identified the +2 great mace of the Ecumenical Temple
                  | {drain, rF- Str+7}
   370 | D:4      | Noticed a scorpion
   374 | D:4      | Killed a scorpion
   375 | D:4      | Reached skill level 5 in Maces & Flails
   375 | D:4      | Reached XP level 4. HP: 28/40 MP: 2/8
   420 | D:4      | Found a bloodstained altar of Trog.
   465 | D:4      | Noticed a scorpion
   470 | D:4      | Killed a scorpion
   471 | D:4      | Reached XP level 5. HP: 42/46 MP: 4/10
   552 | D:4      | Slain by a gnoll shaman

Illustrated notes

Levels and vault maps discovered:
D:1:      co_arrival_square_in_a_square_in_a_square, layout_basic, serial_shops,
          nicolae_shop_advertising_works [nicolae_subvault_shop_adworks]
D:2:      layout_loops_corners, hellmonk_ecumenical_altar_watching_god
D:3:      layout_basic, overflow_temple_1_default, uniq_robin, uniq_ijyb
D:4:      layout_loops_ring, lightli_temple_of_fire, serial_shops, shop

Skill      XL: |  1  2  3  4 |
---------------+-------------+-----
Maces & Flails | 5 |  5.6
Spellcasting   | 2 |  2.8
Fire Magic     | 4 |  4.4
Fighting       | 4 |  4.0

Action                   |  1- 3 |  4- 6 || total
-------------------------+-------+-------++-------
Melee: Mace              |    18 |       ||    18
       Punch             |     1 |       ||     1
       Great mace        |     5 |     5 ||    10
 Cast: Scorch            |     6 |     5 ||    11
Armor: Robe              |     2 |     2 ||     4
Dodge: Dodged            |    11 |     4 ||    15

Table legend: (Time is in decaauts)
 A = Elapsed time spent in this place.
 B = Non-inter-level travel time spent in this place.
 C = Inter-level travel time spent in this place.
 D = Time resting spent in this place.
 E = Time spent auto-exploring this place.
 F = Levels seen in this place.
 G = Mean time per level.
                   A        B        C        D        E       F      G
               +--------+--------+--------+--------+--------+-----+--------+
         Total |    558 |    558 |      0 |      0 |    253 |   4 |  139.5 |
       Dungeon |    558 |    558 |      0 |      0 |    253 |   4 |  139.5 |
               +--------+--------+--------+--------+--------+-----+--------+

Top non-repeatable levels by time:
     D:1: 208 daAuts
     D:4: 201 daAuts
     D:2: 86 daAuts
     D:3: 62 daAuts
